 Dungeon Crawl Stone Soup version 0.30-a0-591-g3c58d2bc28 (webtiles) character file.

Game seed: 8349567503537053659

629 kae the Changer (level 7, -2/48 HPs)
             Began as a Demonspawn Transmuter on Jan 5, 2023.
             Succumbed to a scorpion's poison
             ... on level 5 of the Dungeon.
             The game lasted 00:04:05 (3919 turns).

kae the Changer (Demonspawn Transmuter)             Turns: 3919, Time: 00:04:05

Health: -2/48      AC:  2    Str: 11    XL:     7   Next: 23%
Magic:  10/12      EV: 19    Int: 16    God:
Gold:   20         SH:  0    Dex: 18    Spells: 3/13 levels left

rFire   . . .      SeeInvis .      - Unarmed
rCold   . . .      Faith    .    (shield currently unavailable)
rNeg    . . .      Spirit   .    (body armour currently unavailable)
rPois   x          Reflect  .    (helmet currently unavailable)
rElec   .          Harm     .    (cloak currently unavailable)
rCorr   +          Rampage  .    (gloves currently unavailable)
Will    .....                    (boots currently unavailable)
Stlth   ++                       (no amulet)
HPRegen 0.28/turn                R - ring of resist corrosion
MPRegen 0.13/turn                Y - +4 ring of slaying

@: lethally poisoned (-2 -> -20), spider-form
A: venomous fangs, tiny, (large bone plates 2), foul stench 1, powered by death
2
a: End Transformation


You were on level 5 of the Dungeon.
You were a venomous arachnid creature.
You visited 1 branch of the dungeon, and saw 5 of its levels.

You collected 205 gold pieces.
You spent 185 gold pieces at shops.


Innate Abilities, Weirdness & Mutations

You are a venomous arachnid creature.
You have poisonous fangs.
You are tiny and dextrous.
Your spellcasting is less reliable in this form.
Your armour is entirely melded.
You are incapable of wielding weapons or throwing items.
((You are mostly covered in large bone plates. (SH +6)))
You may rarely emit foul miasma when damaged in melee.
You regenerate health from kills.


   Skills:
 - Level 1.0 Fighting
 - Level 1.7 Dodging
 + Level 4.0 Unarmed Combat
 + Level 3.6 Spellcasting
 * Level 4.7 Transmutations
 * Level 2.6 Ice Magic
 - Level 1.5 Poison Magic


You had 3 spell levels left.
You knew the following spells:

 Your Spells              Type           Power      Damage    Failure   Level
a - Beastly Appendage     Tmut           36%        N/A       10%         1
b - Wereblood             Tmut           18%        N/A       12%         2
c - Spider Form           Tmut/Pois      12%        N/A       32%         3
d - Ice Form              Ice/Tmut       14%        N/A       58%         4

Your spell library contained the following spells:

 Spells                   Type           Power      Damage    Failure   Level
 Sting                    Tmut/Pois      48%        1d5       14%         1
 Apportation              Tloc           4%         N/A       38%         1
 Poisonous Vapours        Pois/Air       10%        N/A       41%         2
 Gell's Gravitas          Tloc           2%         N/A       69%         3
 Lesser Beckoning         Tloc           4%         N/A       69%         3
 Teleport Other           Tloc           2%         N/A       69%         3
 Olgreb's Toxic Radiance  Pois           7%         N/A       85%         4
 Alistair's Intoxication  Tmut/Pois      8%         N/A       92%         5
 Iskenderun's Mystic Bla  Conj/Tloc      2%         2d3       96%         4
 Summon Lightning Spire   Summ/Air       2%         N/A       96%         4
 Fire Storm               Conj/Fire      1%         7d1       100%        9

Inventory:

Missiles
 e - 26 stones
 j - 6 javelins
 k - 9 poisoned darts
Armour
 a - a +1 robe (melded)
 d - a +0 cloak (melded)
   (You found it on level 1 of the Dungeon)
Jewellery
 N - a ring of positive energy
   (You found it on level 3 of the Dungeon)
 R - a ring of resist corrosion (left front leg)
   (You found it on level 1 of the Dungeon)
 Y - a +4 ring of slaying (right front leg)
   (You found it on level 3 of the Dungeon)
Scrolls
 b - a scroll of blinking {!r}
 g - 3 scrolls of teleportation {@r4}
 h - 2 scrolls of enchant weapon
 i - 2 scrolls of fear
 m - a scroll of fog
 o - a scroll of vulnerability {!r!r}
 x - a scroll of magic mapping {!r}
Potions
 c - a potion of mutation {!q}
 f - 2 potions of degeneration {!q}
 l - 4 potions of flight
 n - a potion of curing {@q1}
 q - a potion of ambrosia
 r - a potion of might
 s - a potion of brilliance
 t - a potion of cancellation
 v - a potion of lignification {!q}

Dungeon Overview and Level Annotations

Branches:
Dungeon (5/15) Zot: 26097
 Temple: D:4-7

Altars:

Shops:
D:4 ?

Annotations:
D:3 Grinder

#.......##.##....##.#....#
##.##...#####...#######.##
# #..# ##..## ... #..
###..## #. ##. ##...## #
##.##<...# #...#..#.#
..#.......## .......s###
##..#...### ###+ ##
###...# .....
.#####..##.....#
#.........○.....#
...#...........##
#.............
............#...
.^.........## ..


There were no monsters in sight!


Message History

You lost 3 mp, and now have 8/11 mp.
Your transformation is almost over.
Your transformation has ended.
Your +0 cloak unmelds from your body.
Your +1 robe unmelds from your body. 😎 MP[+3]
Your mp is fully restored (11).
Found an escape hatch in the floor.
A scorpion comes into view.
The scorpion moves out of view.
No target in view!
No target in view!
A scorpion is nearby!
Casting: Spider Form (dangerous; 16% risk of failure)
Confirm with . or Enter, or press ? or * to list all spells.
You turn into a venomous arachnid creature.
Your +0 cloak melds into your body.
Your +1 robe melds into your body.
The scorpion completely misses you. 😎 MP[-3]
You lost 3 mp, and now have 8/11 mp.
You hit the scorpion.
The scorpion is poisoned.
The scorpion stings you.
You hit the scorpion. The scorpion misses you. 😕 HP[-4]
You take 4 damage, and now have 39/43 hp.
You bite the scorpion!
You kill the scorpion!
Your Unarmed Combat skill increases to level 4!
You have reached level 7!
Your demonic ancestry asserts itself...
Large bone plates spread over more of your arms. 😕 HP[+4]
You now have 48 max hp (+5).
You regained 4 hp, and now have 43/48 hp.
You see here the +1 leather armour of Integrity {*Corrode Str+2 Slay+3}. 😕 HP[+1] Unknown command.
Your transformation is almost over.
Key pressed, stopping explore.
Your transformation has ended.
Your +0 cloak unmelds from your body.
Your +1 robe unmelds from your body. 😕 HP[+3] MP[+2]
You regained 3 hp, and now have 47/48 hp.
You regained 2 mp, and now have 10/12 mp.
There is an escape hatch in the floor here.
Found an escape hatch in the ceiling. 😎 HP[+1] MP[+2]
Your hp is fully restored (48).
Your mp is fully restored (12).
f - 2 potions of degeneration {!q} (gained 1) Key pressed, stopping explore.
Unknown command.
There is an escape hatch in the ceiling here.
A scorpion comes into view.
A scorpion is nearby!
A scorpion is nearby!
Casting: Spider Form (dangerous; 16% risk of failure)
Confirm with . or Enter, or press ? or * to list all spells.
You turn into a venomous arachnid creature.
Your +0 cloak melds into your body.
Your +1 robe melds into your body. 😎 MP[-3]
You lost 3 mp, and now have 9/12 mp.
No target in view!
No target in view!
No target in view!
No target in view!
The scorpion closely misses you.
You barely miss the scorpion. The scorpion closely misses you.
You hit the scorpion but do no damage.
The scorpion is poisoned.
The scorpion stings you.
You are poisoned.
The scorpion poisons you!
You barely miss the scorpion.
You feel extremely sick. The scorpion stings you.
You emit a cloud of foul miasma!
The scorpion is engulfed in dark miasma.
The scorpion looks even sicker.
The scorpion stings you.
You are lethally poisoned!
The scorpion poisons you! 😮 HP[-16] MP[+1]
You take 16 damage, and now have 32/48 hp.
MASSIVE DAMAGE!! (PAUSE)
You hit the scorpion.
You kill the scorpion!
* * * LOW HITPOINT WARNING * * *
You feel extremely sick. 😨 HP[-10]
You take 10 damage, and now have 22/48 hp.
MASSIVE DAMAGE!! (PAUSE)
* * * LOW HITPOINT WARNING * * *
You feel extremely sick. 😨 HP[-8]
You take 8 damage, and now have 14/48 hp.
* * * LOW HITPOINT WARNING * * *
You feel extremely sick. 😱 HP[-6]
You take 6 damage, and now have 8/48 hp.
Unknown command.
* * * LOW HITPOINT WARNING * * *
You feel very sick. 😱 HP[-5]
You take 5 damage, and now have 3/48 hp.
You die...

Skill      XL: |  1  2  3  4  5  6 |
---------------+-------------------+-----
Transmutations | 2 3 4 |  4.7
Unarmed Combat | 3 4 |  4.0
Poison Magic   | 1 |  1.5
Spellcasting   | 3 |  3.6
Ice Magic      | 1 2 |  2.6
Fighting       | |  1.0
Dodging        | |  1.7

Action                   |  1- 3 |  4- 6 |  7- 9 || total
-------------------------+-------+-------+-------++-------
Melee: Unarmed           |    96 |   152 |     4 ||   252
       Kick              |    19 |    15 |       ||    34
       Headbutt          |    16 |     7 |       ||    23
       Punch             |     1 |     2 |       ||     3
 Cast: Beastly Appendage |    23 |    14 |       ||    37
       Spider Form       |       |     9 |     1 ||    10
       Wereblood         |       |     2 |       ||     2
  Use: Scroll            |     7 |    13 |       ||    20
       Potion            |       |     1 |       ||     1
 Stab: Sleeping          |     1 |       |       ||     1
Armor: Robe              |    21 |    14 |       ||    35
       Skin              |       |    10 |       ||    10
Dodge: Dodged            |    72 |    85 |     2 ||   159
Block: Other             |    10 |    15 |       ||    25

Levels and vault maps discovered:
D:1:      spicycebolla_green_bress_n_ham, layout_loops_corners
D:2:      layout_basic
D:3:      layout_loops_ring, uniq_grinder
D:4:      layout_cave_pods, serial_shops, shop, serial_undead, serial_undead_d,
          serial_undead_a, serial_undead_a, serial_undead_e, serial_undead_d
D:5:      layout_cave_pools, gammafunk_temple_overflow_pools, temple_green,
          nicolae_elevator_lobby_asterisk

Notes
Turn   | Place    | Note
-------+----------+-------------------------------------------
     0 | D:1      | kae the Demonspawn Transmuter began the quest for the Orb.
     0 | D:1      | Reached XP level 1. HP: 15/15 MP: 3/3
     0 | D:1      | magus.rc [v1.11.3]
    43 | D:1      | You pick up a book of Party Tricks and begin reading...
    43 | D:1      | You add the spells Apportation and Alistair's Intoxication
                  | to your library.
   125 | D:1      | Reached skill level 2 in Transmutations
   212 | D:1      | Gained mutation: You are partially covered in large bone
                  | plates. (SH +4) [demonic ancestry]
   212 | D:1      | Reached XP level 2. HP: 21/21 MP: 3/5
   881 | D:1      | Reached skill level 3 in Unarmed Combat
   983 | D:2      | Reached XP level 3. HP: 24/26 MP: 4/6
   988 | D:2      | Learned a level 2 spell: Wereblood
   992 | D:2      | Learned a level 3 spell: Spider Form
  1039 | D:2      | You fall into a shaft and drop 1 floor!
  1066 | D:3      | You add the spells Sting, Poisonous Vapours and Olgreb's
                  | Toxic Radiance to your library.
  1469 | D:2      | You pick up a book of Displacement and begin reading...
  1469 | D:2      | You add the spells Lesser Beckoning, Gell's Gravitas and
                  | Teleport Other to your library.
  1760 | D:3      | Reached skill level 3 in Transmutations
  1760 | D:3      | Reached skill level 1 in Poison Magic
  1760 | D:3      | Gained mutation: You may rarely emit foul miasma when
                  | damaged in melee. [demonic ancestry]
  1760 | D:3      | Reached XP level 4. HP: 9/32 MP: 7/7
  1760 | D:3      | HP: 8/32 [poisoned by an adder]
  1959 | D:3      | Noticed Grinder
  2108 | D:3      | HP: 4/32 [white imp/puff of frost (6)]
  2646 | D:4      | Gained mutation: You regenerate a little health from kills.
                  | [demonic ancestry]
  2646 | D:4      | Reached XP level 5. HP: 26/37 MP: 6/9
  2747 | D:4      | Reached skill level 3 in Spellcasting
  2767 | D:4      | Learned a level 4 spell: Ice Form
  2774 | D:4      | You add the spells Iskenderun's Mystic Blast, Summon
                  | Lightning Spire and Fire Storm to your library.
  2774 | D:4      | Got the Textbook on Pneumatic Blasting
  2871 | D:4      | Noticed a phantom
  2889 | D:4      | Killed a phantom
  2890 | D:4      | Reached skill level 4 in Transmutations
  2890 | D:4      | Reached skill level 1 in Ice Magic
  2890 | D:4      | Gained mutation: You regenerate health from kills. [demonic
                  | ancestry]
  2890 | D:4      | Reached XP level 6. HP: 21/43 MP: 4/10
  3122 | D:4      | Reached skill level 2 in Ice Magic
  3420 | D:4      | Found Vurij's Magic Scroll Boutique.
  3436 | D:4      | Bought 3 scrolls of identify for 60 gold pieces
  3436 | D:4      | Bought a scroll of teleportation for 30 gold pieces
  3436 | D:4      | Bought a scroll of magic mapping for 75 gold pieces
  3436 | D:4      | Bought a scroll of identify for 20 gold pieces
  3773 | D:5      | Entered Level 5 of the Dungeon
  3820 | D:5      | Reached skill level 4 in Unarmed Combat
  3820 | D:5      | Gained mutation: You are mostly covered in large bone
                  | plates. (SH +6) [demonic ancestry]
  3820 | D:5      | Reached XP level 7. HP: 43/48 MP: 8/12
  3820 | D:5      | Identified the +1 leather armour of Integrity {*Corrode
                  | Str+2 Slay+3}
  3917 | D:5      | HP: 8/48 [poisoned by a scorpion]
  3918 | D:5      | HP: 3/48 [poisoned by a scorpion]
  3919 | D:5      | Succumbed to a scorpion's poison

Vanquished Creatures
  2 phantoms (D:4)
  2 scorpions (D:5)
  A bullfrog skeleton (D:4)
  A bullfrog zombie (D:4)
  A jelly (D:4)
  3 scorpion zombies (D:4)
  2 hound zombies (D:4)
  A hound skeleton (D:4)
  A howler monkey zombie (D:4)
  7 adders
  A white imp (D:3)
  2 adder zombies (D:4)
  A worm (D:3)
  3 dart slugs
  5 orcs
  3 endoplasms
  3 giant cockroaches
  4 goblins
  7 hobgoblins
  7 jackals
  3 kobolds
  3 quokkas
  4 ball pythons (D:4)
  4 bats
  2 rats
73 creatures vanquished.

Table legend:
 A = Non-vault XP
 B = Vault XP
 C = Vault XP percentage of total XP
 D = Non-vault monster count
 E = Vault monster count
 F = Vault count percentage of total count
                 A         B        C        D         E       F
            +---------+---------+-------+---------+---------+-------
      Total |     420 |     479 |  53.3 |      60 |      13 |  17.8
            +---------+---------+-------+---------+---------+-------
        D:1 |      35 |       0 |   0.0 |      18 |       0 |   0.0
        D:2 |      38 |       0 |   0.0 |       7 |       0 |   0.0
        D:3 |      78 |       0 |   0.0 |      17 |       0 |   0.0
        D:4 |      98 |     479 |  83.0 |      16 |      13 |  44.8
        D:5 |     171 |       0 |   0.0 |       2 |       0 |   0.0
            +---------+---------+-------+---------+---------+-------

Illustrated notes

Table legend:
 A = Kills in this place as a percentage of kills in entire the game.
 B = Kills by you in this place as a percentage of kills by you in the entire game.
 C = Kills by friends in this place as a percentage of kills by friends in the entire game.
 D = Other kills in this place as a percentage of other kills in the entire game.
 E = Experience gained in this place as a percentage of experience gained in the entire game.
 F = Experience gained in this place divided by the number of levels of this place that you have seen.
                   A       B       C       D       E      F
               +-------+-------+-------+-------+-------+----------------------
         Total | 100.0 | 100.0 |   N/A |   N/A | 100.0 | 179.8
       Dungeon | 100.0 | 100.0 |   N/A |   N/A | 100.0 | 179.8
               +-------+-------+-------+-------+-------+----------------------

Table legend: (Time is in decaauts)
 A = Elapsed time spent in this place.
 B = Non-inter-level travel time spent in this place.
 C = Inter-level travel time spent in this place.
 D = Time resting spent in this place.
 E = Time spent auto-exploring this place.
 F = Levels seen in this place.
 G = Mean time per level.
                   A        B        C        D        E       F      G
               +--------+--------+--------+--------+--------+-----+--------+
         Total |   3902 |   3814 |     88 |    159 |   3033 |   5 |  780.4 |
       Dungeon |   3902 |   3814 |     88 |    159 |   3033 |   5 |  780.4 |
               +--------+--------+--------+--------+--------+-----+--------+

Top non-repeatable levels by time:
     D:4: 1135 daAuts
     D:3: 1066 daAuts
     D:1: 926 daAuts
     D:2: 629 daAuts
     D:5: 145 daAuts
